 Dungeon Crawl Stone Soup version 0.19.5 (webtiles) character file.

73 Kahvikuppo the Skirmisher (level 4, -11/37 HPs)
             Began as a Demonspawn Berserker on Apr 17, 2017.
             Was a Believer of Trog.
             Killed from afar by a white imp (12 damage)
             ... with a puff of frost
             ... summoned by Natasha
             ... on level 2 of the Dungeon.
             The game lasted 00:08:20 (1256 turns).

Kahvikuppo the Skirmisher (Demonspawn Berserker)    Turns: 1256, Time: 00:08:21

Health: -11/37     AC:  3    Str: 18    XL:     4   Next: 8%
Magic:  4/4        EV: 12    Int:  8    God:    Trog [**....]
Gold:   18         SH:  0    Dex: 13    Spells: 0 memorised, 3 levels left

rFire  . . .     SeeInvis .     a - +0 falchion
rCold  . . .     Gourm    .     d - +0 leather armour
rNeg   . . .     Faith    .     (no shield)
rPois  .         Spirit   .     (no helmet)
rElec  .         Reflect  .     (no cloak)
rCorr  .         Harm     .     (no gloves)
MR     .....                    (no boots)
Stlth  ++........               h - amulet of regeneration
                                (no ring)
                                (no ring)

@: no status effects
A: talons 1, nightstalker 1
a: Berserk, Trog's Hand, Burn Spellbooks, Renounce Religion


You were on level 2 of the Dungeon.
You worshipped Trog.
Trog was pleased with you.
You were not hungry.

You visited 1 branch of the dungeon, and saw 2 of its levels.

You collected 18 gold pieces.

Inventory:

Hand Weapons
 a - a +0 falchion (weapon)
Missiles
 i - 4 tomahawks of returning (quivered)
Armour
 b - a +0 animal skin
 d - a +0 leather armour (worn)
Jewellery
 h - an amulet of regeneration (around neck)
Scrolls
 c - 5 scrolls of identify {unknown}
 e - a scroll of remove curse {unknown}
 f - 2 scrolls of fear {unknown}
Potions
 g - a potion of brilliance {unknown}
Comestibles
 j - a beef jerky


   Skills:
 + Level 4.0 Fighting
 + Level 3.4 Long Blades
 + Level 0.1 Throwing
 + Level 2.0 Armour
 + Level 2.0 Dodging


You had 3 spell levels left.
You didn't know any spells.

Dungeon Overview and Level Annotations

Branches:
Dungeon (2/15)

Altars:

Annotations:
D:2 Natasha


Innate Abilities, Weirdness & Mutations

You have sharp toenails.
You are slightly more attuned to the shadows.


Message History

The crimson imp hits you but does no damage.
You closely miss the crimson imp.
The crimson imp is severely wounded.
Natasha claws you!
* * * LOW HITPOINT WARNING * * *
The crimson imp misses you.
The crimson imp hits you but does no damage.
Natasha casts a spell at you. The magic dart hits you!
* * * LOW HITPOINT WARNING * * *
The crimson imp disappears in a puff of smoke!
Natasha barely misses you.
You riposte.
You hit Natasha.
Natasha is moderately wounded.
Natasha stares at you and mumbles some strange words.
The magic dart hits you!
* * * LOW HITPOINT WARNING * * *
The white imp barely misses you. The white imp gestures at you.
The puff of frost hits you!
You die...

... #.......... ..
#..........
..###..............
#...#.............
#...#.......... .
#.............##..
#..#.............
#. #..........# #.
#.......@..# ##.
#...(...h..#
#..###....5...##
####.............#
.......#########..#
..(....# #.#
...<...# .#
.......# # .......#


You could see Natasha and a white imp.

Vanquished Creatures
  A gnoll (D:1)
  An ooze (D:1)
  2 worms (D:2)
  4 dart slugs (D:1)
  A leopard gecko (D:1)
  7 bats (D:1)
  2 giant cockroaches
  3 goblins (D:1)
  4 hobgoblins
  4 jackals (D:2)
  A quokka (D:1)
  2 frilled lizards
  4 kobolds
  8 rats
44 creatures vanquished.

Notes
Turn   | Place    | Note
-------+----------+-------------------------------------------
     0 | D:1      | Kahvikuppo the Demonspawn Berserker began the quest for the Orb.
     0 | D:1      | Reached XP level 1. HP: 18/18 MP: 1/1
   138 | D:1      | Gained mutation: You have sharp toenails. [demonic ancestry]
   138 | D:1      | Reached XP level 2. HP: 14/24 MP: 2/2
   472 | D:1      | Reached ** piety under Trog
   488 | D:1      | Gained mutation: You are slightly more attuned to the shadows. [demonic ancestry]
   488 | D:1      | Reached XP level 3. HP: 15/30 MP: 3/3
  1164 | D:2      | Reached skill level 4 in Fighting
  1167 | D:2      | Reached XP level 4. HP: 33/37 MP: 4/4
  1228 | D:2      | Noticed Natasha
  1255 | D:2      | HP: 1/37 [Natasha/magic dart (9)]
  1256 | D:2      | Killed from afar by a white imp

Skill      XL: |  1  2  3  4 |
---------------+-------------+-----
Long Blades    | 3 |  3.4
Armour         | 2 |  2.0
Fighting       | 4 |  4.0
Dodging        | 2 |  2.0
Throwing       | |  0.1

Action                   |  1- 3 |  4- 6 || total
-------------------------+-------+-------++-------
Melee: Falchion          |   119 |    30 ||   149
       Kick              |    30 |     5 ||    35
Throw: Tomahawk          |     4 |       ||     4
 Stab: Sleeping          |       |     2 ||     2
  Eat: Bread ration      |     1 |       ||     1
Armor: Leather armour    |    43 |    11 ||    54
Dodge: Dodged            |   106 |    23 ||   129
       Rpst.: Falchion   |    25 |     7 ||    32
